 Dungeon Crawl Stone Soup version 0.25-a0-10-g2fe12d4 (webtiles) character file.

Game seed: 14986979990920629544, levelgen mode: deterministic

50572 robertstho the Envoy of Void (level 14, -1/114 HPs)
             Began as a Demonspawn Abyssal Knight on Oct 14, 2019.
             Was a High Priest of Lugonu.
             Drowned by a drowned soul (10 damage)
             ... summoned by a merfolk avatar
             ... on level 6 of the Lair of Beasts on Oct 15, 2019.
             The game lasted 00:48:36 (17561 turns).

robertstho the Envoy of Void (DsAK)                Turns: 17561, Time: 00:48:37

Health: -1/114     AC: 20    Str: 17    XL:     14   Next: 20%
Magic:  0/23       EV:  8    Int: 14    God:    Lugonu [*****.]
Gold:   530        SH: 26    Dex:  7    Spells: 13/13 levels left

rFire    + + .     SeeInvis +   T - +5 morningstar "Pybos" {flame, rF++}
rCold    . . .     Gourm    .   p - +10 large shield of Ignorance {rN+ Int-4}
rNeg     + . .     Faith    .   D - +4 scale mail of a Gauntlet {rElec Dex-5 SInv}
rPois    +         Spirit   +   S - +0 helmet {Int+3}
rElec    +         Reflect  .   e - +0 cloak
rCorr    .         Harm     .   O - +0 pair of gloves
MR       +....                  (no boots)
Stlth    ..........             y - amulet of guardian spirit
HPRegen  0.29/turn              Y - +2 ring of protection
MPRegen  0.18/turn              V - ring of poison resistance

@: about to teleport, mesmerised, studying Shields, very slow
A: hooves 1, rugged brown scales 2, foul stench 1, spiny 3, rot immunity
a: Depart the Abyss, Bend Space, Banish, Corrupt, Enter the Abyss, Renounce
Religion


You were on level 6 of the Lair of Beasts.
You worshipped Lugonu.
Lugonu was extremely pleased with you.
You were not hungry.

You visited 2 branches of the dungeon, and saw 17 of its levels.
You visited the Abyss 1 time.
You also visited: Gauntlet.

You collected 768 gold pieces.
You spent 238 gold pieces at shops.

Inventory:

Hand Weapons
 t - the +0 broad axe "Bahatz" {pain, rPois Int+6 Dex+2}
   (You found it on level 1 of the Lair of Beasts)

   In the hands of one skilled in necromantic magic, it inflicts extra damage on
   living creatures.
   It affects your intelligence (+6).
   It affects your dexterity (+2).
   It protects you from poison.
 T - the +5 morningstar "Pybos" (weapon) {flame, rF++}
   (You found it in a Gauntlet)

   It has been specially enchanted to burn those struck by it, causing extra
   injury to most foes and up to half again as much damage against particularly
   susceptible opponents.
   It greatly protects you from fire.
Missiles
 d - 18 boomerangs (quivered)
 G - 91 poisoned darts
Armour
 e - a +0 cloak (worn)
 p - the +10 large shield of Ignorance (worn) {rN+ Int-4}
   (You took it off an orc wizard on level 5 of the Dungeon)

   It affects your intelligence (-4).
   It protects you from negative energy.
 A - a +0 chain mail of poison resistance
 D - the +4 scale mail of a Gauntlet (worn) {rElec Dex-5 SInv}
   (You found it on level 4 of the Lair of Beasts)

   It affects your dexterity (-5).
   It insulates you from electricity.
   It lets you see invisible.
 O - a +0 pair of gloves (worn)
 S - a +0 helmet of intelligence (worn)
 X - a +1 scale mail of cold resistance
Jewellery
 a - an uncursed ring of protection from fire
 k - an uncursed ring of positive energy
 w - an uncursed ring of resist corrosion
 y - an amulet of guardian spirit (around neck)
 F - an uncursed ring of ice
 H - an uncursed ring of stealth
 U - the amulet "Ocumoh" {RegenMP Int+3}
   (You found it in a Gauntlet)

   [amulet of magic regeneration]

   It increases your magic regeneration.
   It affects your intelligence (+3).
 V - a ring of poison resistance (right hand)
 Y - a +2 ring of protection (left hand)
Wands
 o - a wand of iceblast (14)
 C - a wand of random effects (13)
 L - a wand of scattershot (4)
 R - a wand of disintegration (25)
Scrolls
 i - 8 scrolls of teleportation
 j - 4 scrolls of remove curse
 n - 3 scrolls of magic mapping
 q - 3 scrolls of enchant weapon {unknown}
 r - a scroll of fear
 s - 3 scrolls of identify
 z - a scroll of fog
 J - a scroll of summoning
 Q - a scroll of silence
Potions
 b - 7 potions of curing
 f - a potion of berserk rage
 g - 3 potions of ambrosia
 h - a potion of magic
 l - 3 potions of haste
 m - a potion of lignification
 v - 3 potions of mutation
 x - 3 potions of cancellation
Books
 Z - a manual of Shields
Miscellaneous
 M - a lightning rod (4/4)
Comestibles
 c - 22 rations
 u - 32 chunks of flesh


   Skills:
 * Level 9.7 Fighting
 + Level 12.1(12.9) Axes
 + Level 7.5(10.8) Maces & Flails
 + Level 7.4 Armour
 * Level 6.7 Dodging
 + Level 1.2 Stealth
 + Level 9.9 Shields
 * Level 13.3 Invocations
 + Level 0.5 Evocations


You had 13 spell levels left.
You didn't know any spells.
Your spell library contained the following spells:

 Spells                   Type           Power        Failure   Level  Hunger
 Beastly Appendage        Tmut           #.....       99%         1    ##.....
 Infusion                 Chrm           #...         99%         1    ##.....
 Magic Dart               Conj           #...         99%         1    ##.....
 Blink                    Tloc           N/A          100%        2    ###....
 Call Imp                 Summ           #.......     100%        2    ###....
 Poisonous Vapours        Pois/Air       #.....       100%        2    ###....
 Searing Ray              Conj           #.....       100%        2    ###....
 Shroud of Golubria       Chrm/Tloc      #.....       100%        2    ###....
 Slow                     Hex            #.......     100%        2    ###....
 Song of Slaying          Chrm           #.......     100%        2    ###....
 Sticks to Snakes         Tmut           #.......     100%        2    ###....
 Conjure Flame            Conj/Fire      #.......     100%        3    ####...
 Dazzling Spray           Conj/Hex       #.....       100%        3    ####...
 Mephitic Cloud           Conj/Pois/Air  #.......     100%        3    ####...
 Regeneration             Chrm/Necr      #.........   100%        3    ####...
 Spectral Weapon          Hex/Chrm       #.......     100%        3    ####...
 Spider Form              Tmut/Pois      #.........   100%        3    ####...
 Force Lance              Conj/Tloc      #.......     100%        4    #####..
 Fulminant Prism          Conj/Hex       #.........   100%        4    #####..
 Ice Form                 Ice/Tmut       #.......     100%        4    #####..
 Iskenderun's Mystic Bla  Conj           #.......     100%        4    #####..
 Blade Hands              Tmut           #.........   100%        5    ######.
 Freezing Cloud           Conj/Ice/Air   #.........   100%        6    #######
 Ring of Flames           Chrm/Fire      #.........   100%        7    #######


Dungeon Overview and Level Annotations

Branches:
Dungeon (11/15)            Temple (0/1) D:4            Lair (6/6) D:10
  Swamp (0/4) Lair:2       Spider (0/4) Lair:2      Gauntlet (visited)
  Slime: Lair:5-6       Orc: D:9-12

Altars:
Dithmenos
Gozag
Hepliaklqana
Kikubaaqudgha
Okawaru
Qazlal
Trog
Vehumet
Yredelemnul

Shops:
D:7 !   D:8 *

Annotations:
D:4 2 transporters, fearitself's ghost, novice VSMo
D:7 potion shop
D:9 corrupted, 2 runed translucent doors, sokol815's ghost, novice OpSk
D:10 2 transporters, jiml777's ghost, journeyman GrGl
D:11 corrupted
Lair:1 corrupted


Innate Abilities, Weirdness & Mutations

You have large cloven feet.
You are mostly covered in rugged brown scales. (AC +2, +5% HP)
You may emit foul miasma when damaged in melee.
You are completely covered in sharp spines.
You are immune to rotting.


Message History

* * * LOW HITPOINT WARNING * * *
You block the drowned soul's attack.
The merfolk avatar chants its luring song.
You block the drowned soul's attack.
You feel better.
The pull of its song draws you forwards.
You block the drowned soul's attack. x2; The drowned soul touches you.
The drowned soul drowns you!
* * * LOW HITPOINT WARNING * * *
As you read the scroll of teleportation, it crumbles to dust.
You feel strangely unstable. You block the drowned soul's attack.
The drowned soul is struck by your spines.
The drowned soul touches you. The drowned soul drowns you!
* * * LOW HITPOINT WARNING * * *
You feel better.
The drowned soul is struck by your spines.
The drowned soul touches you. The drowned soul drowns you!
* * * LOW HITPOINT WARNING * * *
The drowned soul touches you. The drowned soul drowns you!
You die...

##≈≈##≈≈##≈≈##≈≈##.....P
≈≈≈≈P≈≈≈≈≈≈≈÷÷≈≈≈≈.####.
##≈≈≈#≈≈#≈≈≈##÷≈≈≈≈.# #.
#≈≈≈P≈P≈≈≈≈≈≈#P≈#..≈# ##
#≈≈≈≈P≈≈#††P≈#≈≈##≈.####
8≈≈≈≈##≈≈≈≈8#≈≈≈≈..##..
#####....#####≈≈≈≈..#.#.
#8≈≈≈≈≈≈≈≈≈≈.#≈≈##P.#.÷.
#≈≈≈≈#y@≈≈≈≈≈#≈≈##P.....
#≈≈P≈≈≈≈≈≈≈≈≈#≈≈≈≈≈.....
#≈≈≈≈:$[)≈≈≈≈#≈≈≈≈≈.....
.≈≈#≈|mWW≈≈≈≈#≈≈##....#.
.≈#≈≈$≈≈!≈≈≈≈#≈≈ #P..P..
. #≈≈=(:!≈≈≈≈#P ≈≈......
≈≈≈≈≈≈≈≈≈≈≈# ≈P≈....#
≈≈≈≈≈≈≈≈≈≈≈≈# ≈#....P.#


You could see a merfolk avatar, a hornet and 2 drowned souls.

Vanquished Creatures
  A minotaur (Gauntlet)
  Fannar (Lair:1)
  The ghost of Ceqi the Imperceptible, a journeyman SpEn of Dithmenos (Lair:5)
  5 hydras
  2 catoblepae
  2 two-headed ogres
  8 death yaks
  A sea snake (Lair:6)
  A harpy (Lair:6)
  3 black mambas
  A black mamba (shapeshifter) (Gauntlet)
  10 elephants
  12 spiny frogs
  A demonic crawler (Lair:2)
  9 komodo dragons
  7 rime drakes
  2 trolls
  A tyrant leech (Lair:2)
  Prince Ribbit (D:5)
  A hornet (Lair:6)
  4 polar bears
  23 blink frogs
  5 dream sheep (Lair:4)
  9 hippogriffs
  A spriggan (shapeshifter) (Gauntlet)
  4 wyverns
  5 basilisks
  13 yaks
  Grum (D:8)
  2 hungry ghosts
  A swamp worm (Lair:2)
  An acid dragon (shapeshifter) (Gauntlet)
  An acid dragon (D:11)
  2 orc warriors
  20 water moccasins
  10 porcupines
  4 ice beasts
  2 sky beasts (D:6)
  2 phantoms
  A black bear (D:11)
  3 ogres
  3 wolves (D:8)
  A necrophage (D:11)
  8 centaurs
  11 crocodiles
  A big kobold (D:8)
  19 bullfrogs
  A water moccasin zombie (D:7)
  4 scorpions
  3 wights (D:11)
  2 crimson imps
  3 bullfrog zombies
  4 centaur zombies
  3 hounds
  A jelly (D:5)
  6 orc priests
  2 centaur skeletons
  A gnoll shaman (D:4)
  2 iron imps (Gauntlet)
  4 iguanas
  10 worker ants
  11 orc wizards
  A hound skeleton (D:5)
  A howler monkey skeleton (D:11)
  17 adders
  16 gnolls
  A shadow imp (D:5)
  An ooze (shapeshifter) (Gauntlet)
  An adder skeleton (D:7)
  An adder zombie (D:6)
  5 worms
  A dart slug (D:1)
  10 leopard geckos
  45 orcs
  2 ball pythons
  A bat zombie (D:4)
  4 giant cockroaches
  6 goblins
  10 hobgoblins
  2 jackals (D:3)
  12 kobolds
  6 quokkas
  7 bats
  8 frilled lizards
  A quokka skeleton (D:8)
  A quokka zombie (D:6)
  6 rats
  A rat zombie (D:4)
  A plant (D:10)
452 creatures vanquished.

Vanquished Creatures (others)
  The ghost of Maelson the Grappler, a journeyman TrMo (Lair:1)
  3 hydras
  A cyclops (D:11)
  An ugly thing (D:11)
  A manticore (D:9)
  2 hippogriffs (D:9)
  10 yaks (D:9)
  An ice beast (D:9)
  2 ogres
  A wight (D:11)
  A crimson imp (D:9)
  A centaur skeleton (D:9)
  An orc wizard (D:6)
  A worker ant zombie (D:9)
  4 jackals
  9 fungi
  9 plants
  3 starspawn tentacles (D:9)
52 creatures vanquished.

Grand Total: 504 creatures vanquished

Notes
Turn   | Place    | Note
-------+----------+-------------------------------------------
     0 | Abyss:1  | robertstho the Demonspawn Abyssal Knight began the quest
                  | for the Orb.
     0 | Abyss:1  | Reached XP level 1. HP: 18/18 MP: 2/2
     0 | Abyss:1  | Noticed an orb spider
     0 | Abyss:1  | Noticed a tentacled monstrosity
     0 | Abyss:1  | Noticed a worldbinder
     0 | Abyss:1  | Noticed a thrashing horror
     1 | Abyss:1  | Noticed a wretched star
     6 | D:1      | Escaped the Abyss
    62 | D:1      | Reached * piety under Lugonu
   123 | D:1      | Gained mutation: You are immune to rotting. [demonic
                  | ancestry]
   123 | D:1      | Reached XP level 2. HP: 22/24 MP: 3/3
   870 | D:2      | Upgraded the game from 0.25-a0-2-g6559c6c to
                  | 0.25-a0-10-g2fe12d4
   871 | D:2      | Gained mutation: You are partially covered in sharp spines.
                  | [demonic ancestry]
   871 | D:2      | Reached XP level 3. HP: 13/29 MP: 5/5
   901 | D:2      | Reached skill level 1 in Dodging
   901 | D:2      | Reached skill level 3 in Invocations
  1176 | D:2      | Reached XP level 4. HP: 31/36 MP: 6/6
  1304 | D:2      | Reached ** piety under Lugonu
  2164 | D:3      | Reached XP level 5. HP: 40/42 MP: 7/7
  2260 | D:3      | Reached *** piety under Lugonu
  2981 | D:4      | Gained mutation: You are partially covered in rugged brown
                  | scales. (AC +1, +3% HP) [demonic ancestry]
  2981 | D:4      | Reached XP level 6. HP: 42/49 MP: 8/8
  3017 | D:4      | Found an ancient bone altar of Kikubaaqudgha.
  3059 | D:4      | Reached skill level 4 in Invocations
  3232 | D:4      | Found a staircase to the Ecumenical Temple.
  3291 | D:4      | Found a transporter.
  3307 | D:4      | Noticed fearitself's ghost (novice VSMo)
  3307 | D:4      | Identified the +10 dire flail "Gram" {crush, -Tele rC+++
                  | Str+9 Int+4}
  3309 | D:4      | Found a transporter.
  3375 | D:4      | You fall into a shaft and drop 2 floors!
  3382 | D:6      | Reached skill level 5 in Axes
  3383 | D:6      | Gained mutation: You may emit foul miasma when damaged in
                  | melee. [demonic ancestry]
  3383 | D:6      | Reached XP level 7. HP: 24/55 MP: 10/10
  3473 | D:6      | Reached **** piety under Lugonu
  3532 | D:6      | Noticed a two-headed ogre
  3567 | D:6      | Reached skill level 5 in Invocations
  3937 | D:6      | Killed a two-headed ogre
  3937 | D:6      | Reached XP level 8. HP: 29/62 MP: 2/12
  3989 | D:5      | Entered Level 5 of the Dungeon
  4164 | D:5      | Reached skill level 6 in Invocations
  4186 | D:5      | Noticed Prince Ribbit
  4198 | D:5      | Killed Prince Ribbit
  4198 | D:5      | Reached XP level 9. HP: 41/67 MP: 7/13
  4556 | D:5      | Found a basalt altar of Yredelemnul.
  5567 | D:7      | Found Uhygas's Distillery.
  5581 | D:7      | Reached skill level 5 in Fighting
  5591 | D:7      | Reached skill level 1 in Shields
  5605 | D:7      | Bought a potion of invisibility for 112 gold pieces
  5605 | D:7      | Bought a potion of degeneration for 14 gold pieces
  5605 | D:7      | Bought a potion of heal wounds for 70 gold pieces
  5605 | D:7      | Bought a potion of curing for 42 gold pieces
  5831 | D:7      | Reached skill level 7 in Invocations
  5949 | D:7      | Found a hazy altar of Hepliaklqana.
  6070 | D:7      | Reached skill level 5 in Armour
  6416 | D:8      | Reached ***** piety under Lugonu
  6445 | D:8      | Noticed Grum
  6461 | D:8      | Killed Grum
  6739 | D:8      | Found an opulent altar of Gozag.
  6772 | D:8      | Noticed a two-headed ogre
  6781 | D:8      | Killed a two-headed ogre
  6781 | D:8      | Reached XP level 10. HP: 45/78 MP: 9/15
  6835 | D:8      | Reached skill level 10 in Axes
  6854 | D:8      | Found Gozag's Platinum Reserve.
  6886 | D:8      | Reached skill level 8 in Invocations
  7035 | D:9      | Noticed a manticore
  7046 | D:9      | Corrupted D:9
  7046 | D:9      | Noticed a spatial maelstrom
  7046 | D:9      | Noticed a large abomination
  7046 | D:9      | Noticed a smoke demon
  7046 | D:9      | Noticed a worldbinder
  7046 | D:9      | Noticed a smoke demon
  7046 | D:9      | Noticed a tentacled starspawn
  7046 | D:9      | Noticed a cyan very ugly thing
  7048 | D:9      | Killed a manticore
  7049 | D:9      | Reached skill level 1 in Stealth
  7055 | D:9      | Noticed a wizard
  7068 | D:9      | Noticed a sun demon
  7365 | D:9      | Found a stormy altar of Qazlal.
  7745 | D:9      | Found a large runed translucent door.
  7745 | D:9      | Found a large runed translucent door.
  7746 | D:9      | Noticed sokol815's ghost (novice OpSk)
  7861 | D:9      | Found an iron altar of Okawaru.
  7866 | D:9      | Found a radiant altar of Vehumet.
  7869 | D:9      | Found a shadowy altar of Dithmenos.
  8057 | D:10     | Entered Level 10 of the Dungeon
  8064 | D:10     | Identified the +7 quarterstaff of Parts Unknown {holy,
                  | rPois}
  8064 | D:10     | Noticed a tengu warrior
  8065 | D:10     | Found a bloodstained altar of Trog.
  8065 | D:10     | Noticed a two-headed ogre
  8065 | D:10     | Noticed a moth of wrath
  8069 | D:10     | Noticed a two-headed ogre
  8070 | D:10     | Found a transporter.
  8070 | D:10     | Noticed jiml777's ghost (journeyman GrGl)
  8108 | D:10     | Found a staircase to the Lair.
  8190 | D:10     | Found a transporter.
  8710 | D:11     | Reached skill level 9 in Invocations
  8779 | D:11     | Reached skill level 5 in Shields
  8779 | D:11     | Gained mutation: You are mostly covered in sharp spines.
                  | [demonic ancestry]
  8779 | D:11     | Reached XP level 11. HP: 69/83 MP: 17/17
  8984 | D:11     | Noticed an eight-headed hydra
  8984 | D:11     | Noticed a green ugly thing
  8985 | D:11     | Corrupted D:11
  8985 | D:11     | Noticed a flayed ghost
  8985 | D:11     | Noticed a starcursed mass
  8985 | D:11     | Noticed a thrashing horror
  8985 | D:11     | Noticed a thrashing horror
  8989 | D:11     | Killed an eight-headed hydra
  8990 | D:11     | Killed a green ugly thing
  8992 | D:11     | Noticed a rakshasa
  8995 | D:11     | Noticed a shadow dragon
  8999 | D:11     | Noticed a spatial maelstrom
  9757 | Lair:1   | Entered Level 1 of the Lair of Beasts
  9772 | Lair:1   | Noticed Fannar
  9801 | Lair:1   | Killed Fannar
  9874 | Lair:1   | Found a gate leading to a gauntlet.
  9883 | Gauntlet | Entered a Gauntlet
  9883 | Gauntlet | Found a transporter.
  9893 | Gauntlet | Found a transporter.
  9903 | Gauntlet | Found a transporter.
  9910 | Gauntlet | Found a transporter.
  9914 | Gauntlet | Found a transporter.
  9924 | Gauntlet | Noticed an orb spider
  9924 | Gauntlet | a salamander changed into an orb spider
  9929 | Gauntlet | Found a transporter.
  9932 | Gauntlet | Noticed a fire crab
  9932 | Gauntlet | a troll changed into a fire crab
  9939 | Gauntlet | Found a transporter.
  9946 | Gauntlet | Found a runed translucent door.
  9946 | Gauntlet | Noticed a mana viper
  9946 | Gauntlet | Noticed a glowing shapeshifter
  9946 | Gauntlet | a mana viper changed into a glowing shapeshifter
  9947 | Gauntlet | Noticed a sea snake
  9947 | Gauntlet | a glowing shapeshifter changed into a sea snake
  9948 | Gauntlet | a sea snake changed into a dream sheep
  9949 | Gauntlet | Found a transporter.
  9950 | Gauntlet | Found a runed translucent door.
  9961 | Gauntlet | Noticed a wolf spider
  9963 | Gauntlet | Found a transporter.
  9963 | Gauntlet | Found a transporter.
  9963 | Gauntlet | Noticed a lindwurm
  9963 | Gauntlet | a wind drake changed into a lindwurm
  9965 | Gauntlet | a lindwurm changed into a guardian serpent
  9977 | Gauntlet | Found a transporter.
  9990 | Gauntlet | Found a transporter.
  9998 | Gauntlet | Found a transporter.
  9998 | Gauntlet | Found a transporter.
 10020 | Gauntlet | Noticed a queen ant
 10021 | Gauntlet | Noticed an ettin
 10021 | Gauntlet | a queen ant changed into an ettin
 10038 | Gauntlet | Noticed a queen ant
 10038 | Gauntlet | an ettin changed into a queen ant
 10039 | Gauntlet | Noticed a fire dragon
 10039 | Gauntlet | a queen ant changed into a fire dragon
 10041 | Gauntlet | Noticed a catoblepas
 10044 | Gauntlet | a fire dragon changed into something unseen
 10047 | Gauntlet | Noticed an ettin
 10119 | Gauntlet | Got an ivory morningstar
 10122 | Gauntlet | Identified the +5 morningstar "Pybos" {flame, rF++} (You
                  | found it in a Gauntlet)
 10135 | Gauntlet | Reached skill level 10 in Invocations
 10136 | Gauntlet | Noticed an orb spider
 10136 | Gauntlet | a raiju changed into an orb spider
 10137 | Gauntlet | an orb spider changed into a yak
 10155 | Gauntlet | Noticed a two-headed ogre
 10155 | Gauntlet | a slime creature changed into a two-headed ogre
 10156 | Gauntlet | a two-headed ogre changed into a snapping turtle
 10161 | Gauntlet | Paralysed by a floating eye for 4 turns
 10163 | Gauntlet | Noticed a fire crab
 10163 | Gauntlet | a hippogriff changed into a fire crab
 10164 | Gauntlet | a fire crab changed into a queen bee
 10186 | Gauntlet | Got a crude sapphire amulet
 10189 | Gauntlet | Identified the amulet "Ocumoh" {RegenMP Int+3} (You found
                  | it in a Gauntlet)
 10373 | Gauntlet | Noticed a minotaur
 10395 | Gauntlet | Killed a minotaur
 10395 | Gauntlet | Reached skill level 1 in Maces & Flails
 10873 | Lair:1   | Noticed an eight-headed hydra
 10925 | Lair:1   | Gained mutation: You have large cloven feet. [demonic
                  | ancestry]
 10925 | Lair:1   | Reached XP level 12. HP: 29/93 MP: 10/19
 10926 | Lair:1   | Banished an eight-headed hydra
 11273 | Lair:1   | Found a runed translucent gate.
 11274 | Lair:1   | Found a runed translucent gate.
 11275 | Lair:1   | Found a runed translucent gate.
 11275 | Lair:1   | Noticed an 11-headed hydra
 11365 | Lair:1   | Noticed Maelson's ghost (journeyman TrMo)
 11461 | Lair:1   | Noticed a five-headed hydra
 11471 | Lair:1   | Killed a five-headed hydra
 11705 | Lair:1   | Banished an 11-headed hydra
 11705 | Lair:1   | Reached skill level 11 in Invocations
 11962 | Lair:1   | Corrupted Lair:1
 11962 | Lair:1   | Noticed a great orb of eyes
 11962 | Lair:1   | Noticed a starcursed mass
 11962 | Lair:1   | Noticed a rakshasa
 11963 | Lair:1   | Noticed a revenant
 11965 | Lair:1   | Noticed a deep elf elementalist
 11966 | Lair:1   | Killed Maelson's ghost
 11970 | Lair:1   | Noticed an ironheart preserver
 12000 | Lair:1   | Noticed a tentacled starspawn
 12019 | Lair:1   | Got a polished broad axe
 12020 | Lair:1   | Identified the cursed +0 broad axe "Bahatz" {pain, rPois
                  | Int+6 Dex+2} (You found it on level 1 of the Lair of
                  | Beasts)
 12656 | Lair:2   | Found a hole to the Spider Nest.
 12957 | Lair:2   | Found a staircase to the Swamp.
 14000 | Lair:3   | Noticed a five-headed hydra
 14003 | Lair:3   | Noticed a five-headed hydra
 14013 | Lair:3   | Killed a five-headed hydra
 14291 | Lair:3   | Killed a five-headed hydra
 14351 | Lair:3   | Reached skill level 5 in Dodging
 14351 | Lair:3   | Gained mutation: You are completely covered in sharp
                  | spines. [demonic ancestry]
 14351 | Lair:3   | Reached XP level 13. HP: 71/100 MP: 21/21
 14740 | Lair:4   | Reached skill level 12 in Invocations
 15097 | Lair:4   | Reached skill level 5 in Maces & Flails
 15443 | Lair:4   | Got an amethyst-encrusted scale mail
 15454 | Lair:4   | Identified the +4 scale mail of a Gauntlet {rElec Dex-5
                  | SInv} (You found it on level 4 of the Lair of Beasts)
 16574 | Lair:5   | You fall into a shaft and drop 1 floor!
 16574 | Lair:6   | Entered Level 6 of the Lair of Beasts
 16723 | Lair:5   | Found a basalt altar of Yredelemnul.
 16726 | Lair:5   | Found a large runed translucent door.
 16726 | Lair:5   | Found a large runed translucent door.
 16764 | Lair:5   | Noticed Ceqi's ghost (journeyman SpEn)
 16937 | Lair:5   | Killed Ceqi's ghost
 17346 | Lair:6   | Gained mutation: You are mostly covered in rugged brown
                  | scales. (AC +2, +5% HP) [demonic ancestry]
 17346 | Lair:6   | Reached XP level 14. HP: 93/113 MP: 23/23
 17370 | Lair:6   | Reached skill level 13 in Invocations
 17561 | Lair:6   | Drowned by a drowned soul

Levels and vault maps discovered:
D:1:      minmay_arrival_stone_box, layout_loops_cross
D:2:      layout_loops_corners
D:3:      wad_lake_hut, layout_basic, first_ration
D:4:      layout_basic, lemuel_zombie_altar_kikubaaqudgha,
          minmay_temple_entry_glass, gammafunk_ghost_smash
D:5:      layout_basic, kennysheep_mini, uniq_prince_ribbit1
D:6:      minmay_octagon_keep, layout_basic, dk_vineyard_1
D:7:      layout_cave_pods, lemuel_round_altar, serial_shops, shop_statue
D:8:      layout_basic, nicolae_gozag_zags_fifth_avenue, uniq_grum
D:9:      layout_basic, minmay_overflow_temple_star_quad,
          grunt_qazlal_sundering, ebering_ghost_disaster_area
D:10:     layout_big_octagon, dpeg_oklobed_lair,
          gammafunk_ghost_wrathful_warriors, serial_rivers,
          chequers_serial_rivers_micro_e, chequers_serial_rivers_micro_a,
          chequers_serial_rivers_micro_a, chequers_serial_rivers_room_b
D:11:     layout_grid_maze
Lair:1:   layout_regular_city, gammafunk_ghost_hydra_chop,
          gauntlet_entry_generic, nzn_random_ring, grunt_megastairs_2,
          uniq_fannar
Lair:2:   layout_layer_cave, minmay_swamp_entry_worms,
          nicolae_spider_entry_non_spiders
Lair:3:   layout_layer_cave
Lair:4:   layout_roguey, grunt_megastairs_1
Lair:5:   layout_concentric_octagons, basic_altar, ebering_ghost_disaster_area
Lair:6:   gammafunk_lair_ancient_temple, layout_loops_ring, slime_altar_1,
          minmay_shattered_shrine

Skill      XL: |  1  2  3  4  5  6  7  8  9 10 11 12 13 14 |
---------------+-------------------------------------------+-----
Axes           | 2 3 4 5 7 8 9 11 12 | 12.1
Dodging        | 1 2 3 5 6 |  6.7
Invocations    | 3 4 5 6 7 9 10 11 12 13 | 13.3
Armour         | 2 4 5 6 7 |  7.4
Fighting       | 4 5 6 7 8 9 |  9.7
Shields        | 3 5 6 8 9 |  9.9
Stealth        | 1 |  1.2
Maces & Flails | 3 4 7 |  7.5
Evocations     | |  0.5

Action                   |  1- 3 |  4- 6 |  7- 9 | 10-12 | 13-15 || total
-------------------------+-------+-------+-------+-------+-------++-------
Melee: Hand axe          |    86 |    48 |       |       |       ||   134
       War axe           |       |    91 |   383 |   429 |       ||   903
       Morningstar       |       |       |       |   208 |   426 ||   634
       Broad axe         |       |       |       |   202 |       ||   202
       Kick              |       |       |       |    86 |    95 ||   181
Invok: Depart the Abyss  |     1 |       |       |       |       ||     1
       Banish            |       |     1 |       |     9 |       ||    10
       Corrupt           |       |       |       |     3 |       ||     3
       Bend Space        |       |       |       |     1 |       ||     1
Evoke: Wand              |       |       |       |     3 |     2 ||     5
       Lightning rod     |       |       |       |     3 |     1 ||     4
  Use: Scroll            |     3 |     7 |     3 |    13 |     5 ||    31
       Potion            |       |     1 |     2 |    10 |     2 ||    15
 Stab: Sleeping          |     1 |       |       |       |       ||     1
  Eat: Chunk             |     1 |     8 |    11 |    27 |     6 ||    53
       Ration            |       |       |       |     3 |     1 ||     4
Armor: Leather armour    |    35 |       |       |       |       ||    35
       Chain mail        |       |    98 |   144 |   270 |    34 ||   546
       Scale mail        |       |       |       |       |    73 ||    73
Dodge: Dodged            |    60 |    50 |    43 |    82 |    53 ||   288
Block: Large shield      |       |       |   286 |  1062 |   510 ||  1858

Table legend:
 A = Non-vault XP
 B = Vault XP
 C = Vault XP percentage of total XP
 D = Non-vault monster count
 E = Vault monster count
 F = Vault count percentage of total count
                 A         B        C        D         E       F
            +---------+---------+-------+---------+---------+-------
      Total |   53216 |   19030 |  26.3 |     383 |      75 |  16.4
            +---------+---------+-------+---------+---------+-------
        D:1 |      31 |       0 |   0.0 |      17 |       0 |   0.0
        D:2 |     122 |       0 |   0.0 |      26 |       0 |   0.0
        D:3 |     218 |       0 |   0.0 |      41 |       0 |   0.0
        D:4 |     238 |       3 |   1.2 |      13 |       2 |  13.3
        D:5 |     417 |     286 |  40.7 |      18 |       1 |   5.3
        D:6 |    1787 |     344 |  16.1 |      25 |       6 |  19.4
        D:7 |     968 |       0 |   0.0 |      26 |       0 |   0.0
        D:8 |    1832 |     529 |  22.4 |      24 |       4 |  14.3
        D:9 |    2162 |       0 |   0.0 |      22 |       0 |   0.0
       D:10 |     165 |       0 |   0.0 |       3 |       0 |   0.0
       D:11 |    4037 |       0 |   0.0 |      39 |       0 |   0.0
     Lair:1 |    5653 |    6044 |  51.7 |      24 |      21 |  46.7
     Lair:2 |    6449 |    1153 |  15.2 |      23 |      11 |  32.4
     Lair:3 |    4800 |       0 |   0.0 |      15 |       0 |   0.0
     Lair:4 |    9570 |     343 |   3.5 |      25 |       1 |   3.8
     Lair:5 |   12788 |    1288 |   9.2 |      35 |       2 |   5.4
     Lair:6 |    1979 |    6936 |  77.8 |       7 |      20 |  74.1
   Gauntlet |       0 |    2104 | 100.0 |       0 |       7 | 100.0
            +---------+---------+-------+---------+---------+-------
